 Dungeon Crawl Stone Soup version 0.30-a0-748-ge6a52f7cba (webtiles) character file.

Game seed: 13834099485644899160

67 themarg the Stinger (level 4, 0/27 HPs)
             Began as an Octopode Venom Mage on Feb 8, 2023.
             Killed by nerve-wracking pain
             ... invoked by an orc priest
              (13 damage)
             ... on level 3 of the Dungeon.
             The game lasted 00:06:54 (2386 turns).

themarg the Stinger (Octopode Venom Mage)           Turns: 2386, Time: 00:06:54

Health: 0/27       AC:  1    Str:  7    XL:     4   Next: 18%
Magic:  5/8        EV: 13    Int: 19    God:
Gold:   100        SH:  0    Dex: 12    Spells: 7/8 levels left

rFire   . . .      SeeInvis .    h - +0 dagger (vamp)
rCold   . . .      Faith    .    (no shield)
rNeg    . . .      Spirit   .    (helmet restricted)
rPois   .          Reflect  .    (no amulet)
rElec   .          Harm     .    (no ring)
rCorr   .          Rampage  .    (no ring)
Will    .....                    (no ring)
Stlth   +++                      (no ring)
HPRegen 0.24/turn                (no ring)
MPRegen 0.11/turn                (no ring)
                                 (no ring)
                                 (no ring)

@: very slightly contaminated
A: almost no armour, amphibious, 8 rings, camouflage 1, gelatinous body 1,
(nimble swimmer 1), tentacles
a: no special abilities


You were on level 3 of the Dungeon.
You visited 1 branch of the dungeon, and saw 3 of its levels.

You collected 100 gold pieces.

Inventory:

Hand Weapons
 h - a +0 vampiric dagger (weapon)
Missiles
 g - 30 stones
 w - a throwing net
Armour
 d - a +0 buckler
Jewellery
 t - an amulet of faith
 u - a ring of ice
Scrolls
 c - 3 scrolls of enchant weapon {unknown}
 j - 2 scrolls of fear {unknown}
 k - 4 scrolls of identify {unknown}
 m - a scroll of fog {unknown}
 o - a scroll of blinking {unknown}
 p - a scroll of immolation {unknown}
 r - a scroll of acquirement {unknown}
Potions
 a - a potion of magic
 b - a potion of cancellation {unknown}
 e - 3 potions of heal wounds {unknown}
 f - 2 potions of curing {unknown}
 i - a potion of flight {unknown}
 l - a potion of degeneration {unknown}
 n - a potion of haste {unknown}
 q - 2 potions of lignification {unknown}
 s - 2 potions of might {unknown}
 v - a potion of brilliance {unknown}


   Skills:
 - Level 2.0 Dodging
 - Level 3.6 Stealth
 + Level 2.8 Spellcasting
 - Level 1.0 Transmutations
 + Level 1.1 Air Magic
 + Level 4.5 Poison Magic


You had 7 spell levels left.
You knew the following spells:

 Your Spells              Type           Power      Damage    Failure   Level
a - Sting                 Tmut/Pois      52%        1d5       4%          1

Your spell library contained the following spells:

 Spells                   Type           Power      Damage    Failure   Level
 Poisonous Vapours        Pois/Air       26%        N/A       8%          2
 Ignite Poison            Fire/Tmut/Pois 9%         N/A       22%         3
 Mephitic Cloud           Conj/Pois/Air  9%         N/A       22%         3
 Olgreb's Toxic Radiance  Pois           19%        N/A       24%         4
 Sticky Flame             Conj/Fire      2%         2d3       83%         4
 Ignition                 Fire           1%         3d3       100%        8


Dungeon Overview and Level Annotations

Branches:
Dungeon (3/15)

Altars:

Annotations:
D:3 exclusions: 2 orcs, orc priest and orc wizard


Innate Abilities, Weirdness & Mutations

You cannot wear most types of armour.
You are amphibious.
You can wear up to eight rings at the same time.
Your skin changes colour to match your surroundings (Stealth+).
Your rubbery body absorbs attacks. (AC +1, EV +1)
((You are camouflaged when in or above water. (Stealth+)))
You have tentacles for arms and can constrict up to eight enemies at once.


Message History

An orc is nearby!
Aiming: Sting (safe; 4% risk of failure)
Press: ? - help, Shift-Dir - straight line, f - orc
Aim: an orc, wielding a +0 trident (wandering, hasn't noticed you, 71% to hit)
The sting hits the orc.
The orc is poisoned.
The orc is heavily wounded.
The orc shouts!
You hear a shout!
You kill the orc!
q - 2 inky potions (gained 1)
You see here a +0 trident.
An orc priest comes into view. It is wielding a +0 whip.
Aiming: Sting (safe; 4% risk of failure)
Press: ? - help, Shift-Dir - straight line, f - orc
Aim: an orc, wielding a +0 whip (71% to hit)
You miscast Sting.
You are very lightly contaminated with residual magic.
Nothing appears to happen.
Aiming: Sting (safe; 4% risk of failure)
Press: ? - help, Shift-Dir - straight line, f/p - orc
Aim: an orc, wielding a +0 whip (71% to hit)
The sting hits the orc.
The orc is poisoned.
The orc is moderately wounded.
The orc hits you with a +0 whip.
You closely miss the orc. Your grab misses the orc.
The orc is heavily wounded.
The orc barely misses you.
You hit the orc.
You feel better.
You kill the orc!
The orc priest invokes the aid of Beogh against you.
Beogh smites you!
Ouch! That really hurt!
Things that are here:
a +0 whip; a hobgoblin skeleton
Aiming: Sting (safe; 4% risk of failure)
Press: ? - help, Shift-Dir - straight line, f - orc priest
Aim: an orc priest, wielding a +0 whip and wearing a +0 leather armour (71% to hit)
You miscast Sting.
Nothing appears to happen.
The orc priest invokes the aid of Beogh against you.
Pain shoots through your body!
You die...

.................# #.............
.................###.........####
...................).........# #.
.................##..>.......# #.
.................##.......รท.####.
.................##.........'..#.
.................##.........##.#.
..............).o##..........#.#.
#......###......@......##..#.#.#.
#......# #.###########.##..#.#.##
######## #.# #.##..#.#... #.#
#.##..#.#### #[# #######.##..#.#
#.# ..............# #.#
#######.####### #. #.......#
#######.#


You could see an orc priest.

Vanquished Creatures
  2 adders
  A dart slug (D:1)
  3 orcs (D:3)
  8 bats
  An endoplasm (D:1)
  4 giant cockroaches (D:1)
  3 goblins
  2 hobgoblins
  2 quokkas
  4 ball pythons
  A frilled lizard (D:3)
  7 kobolds
  6 rats
44 creatures vanquished.

Notes
Turn   | Place    | Note
-------+----------+-------------------------------------------
     0 | D:1      | themarg the Octopode Venom Mage began the quest for the
                  | Orb.
     0 | D:1      | Reached XP level 1. HP: 11/11 MP: 3/3
   343 | D:1      | Reached XP level 2. HP: 15/17 MP: 3/5
   621 | D:1      | Reached skill level 4 in Poison Magic
   876 | D:1      | Reached XP level 3. HP: 21/21 MP: 4/6
  2102 | D:3      | Reached skill level 1 in Air Magic
  2102 | D:3      | Reached XP level 4. HP: 18/27 MP: 5/8
  2386 | D:3      | Killed from afar by an orc priest

Illustrated notes

Levels and vault maps discovered:
D:1:      scummos_arrival_hexagon, layout_rooms, minmay_strange_pillars,
          chequers_jeans, kennysheep_minor_cross, minmay_misc_feat_x,
          serial_park_tiny_2
D:2:      layout_loops_cross, minmay_misc_feat_tiny
D:3:      layout_basic

Skill      XL: |  1  2  3 |
---------------+----------+-----
Stealth        | 3 |  3.6
Poison Magic   | 4 |  4.5
Air Magic      | 1 |  1.1
Dodging        | |  2.0
Spellcasting   | |  2.8
Transmutations | |  1.0

Action                     |  1- 3 |  4- 6 || total
---------------------------+-------+-------++-------
  Melee: Unarmed           |     4 |       ||     4
         Short sword       |     6 |       ||     6
         Tentacles         |    11 |     2 ||    13
         Constrict         |    10 |     4 ||    14
         Dagger            |    23 |    14 ||    37
         Punch             |       |     1 ||     1
   Cast: Sting             |    40 |     3 ||    43
   Stab: Sleeping          |     2 |       ||     2
 Armour: Skin              |     3 |       ||     3
  Dodge: Dodged            |    20 |     7 ||    27

Table legend: (Time is in decaauts)
 A = Elapsed time spent in this place.
 B = Non-inter-level travel time spent in this place.
 C = Inter-level travel time spent in this place.
 D = Time resting spent in this place.
 E = Time spent auto-exploring this place.
 F = Levels seen in this place.
 G = Mean time per level.
                   A        B        C        D        E       F      G
               +--------+--------+--------+--------+--------+-----+--------+
         Total |   2384 |   2317 |     67 |    314 |   1574 |   3 |  794.7 |
       Dungeon |   2384 |   2317 |     67 |    314 |   1574 |   3 |  794.7 |
               +--------+--------+--------+--------+--------+-----+--------+

Top non-repeatable levels by time:
     D:1: 1093 daAuts
     D:2: 722 daAuts
     D:3: 568 daAuts
